 Dungeon Crawl Stone Soup version 0.29.1-14-g9c671dbff4 (webtiles) character file.

Game seed: 3916518325994086003

47035 sanboga the Cleaver (level 14, -3/92 HPs)
             Began as a Gargoyle Fighter on Feb 16, 2023.
             Was a High Priest of Trog.
             Slain by a frost giant
             ... wielding a +2 battleaxe of freezing
              (23 damage)
             ... on level 13 of the Dungeon.
             The game lasted 00:21:50 (13024 turns).

sanboga the Cleaver (Gargoyle Fighter)             Turns: 13024, Time: 00:21:51

Health: -3/92      AC: 32    Str: 25    XL:     14   Next: 40%
Magic:  14/14      EV:  9    Int:  9    God:    Trog [*****.]
Gold:   981        SH: 16    Dex:  9    Spells: 13/13 levels left

rFire   + . .      SeeInvis .   a - +1 war axe (flame)
rCold   + + +      Faith    .   H - +0 tower shield {rC+}
rNeg    + . .      Spirit   .   G - +0 plate armour
rPois   ∞          Reflect  .   l - +0 helmet
rElec   +          Harm     .   I - scarf {rC+ rF+}
rCorr   .          Rampage  .   h - +2 pair of gloves
Will    +....                   t - +0 pair of boots
Stlth   ..........              o - amulet of regeneration
HPRegen 1.05/turn               q - +4 ring of evasion
MPRegen 0.14/turn               f - ring of protection from cold

@: on berserk cooldown, flying, slowed, very slow
A: sickness immunity, AC +10, big wings, negative energy resistance 1,
electricity resistance, torment resistance 1, petrification resistance
a: Renounce Religion, Berserk, Trog's Hand, Brothers in Arms


You were on level 13 of the Dungeon.
You worshipped Trog.
Trog was extremely pleased with you.
You visited 2 branches of the dungeon, and saw 14 of its levels.
You visited the Abyss 1 time.
You also visited: Ice Cave.

You collected 1149 gold pieces.
You spent 168 gold pieces at shops.

Inventory:

Hand Weapons
 a - a +1 war axe of flaming (weapon)
Armour
 h - a +2 pair of gloves (worn)
 l - a +0 helmet (worn)
 t - a +0 pair of boots (worn)
 G - a +0 plate armour (worn)
 H - a +0 tower shield of cold resistance (worn)
 I - a scarf of resistance (worn)
Jewellery
 c - a ring of see invisible
 f - a ring of protection from cold (right hand)
 o - an amulet of regeneration (around neck)
 q - a +4 ring of evasion (left hand)
 u - a ring of resist corrosion
Wands
 g - a wand of paralysis (28)
 i - a wand of mindburst (7)
 B - a wand of flame (34)
 E - a wand of light (5)
Scrolls
 e - 2 scrolls of enchant armour
 k - a scroll of enchant weapon
 m - 8 scrolls of teleportation
 y - a scroll of magic mapping
 D - 4 scrolls of blinking
 F - a scroll of fog
Potions
 b - 2 potions of resistance
 d - 9 potions of curing
 j - a potion of heal wounds
 n - 2 potions of invisibility
 p - a potion of ambrosia
 r - a potion of mutation
 w - 6 potions of haste
 x - a potion of cancellation
 z - a potion of berserk rage
 A - a potion of magic {unknown}
 C - a potion of might


   Skills:
 + Level 12.6 Fighting
 * Level 14.5 Axes
 + Level 12.7 Armour
 + Level 12.7 Shields


You had 13 spell levels left.
You didn't know any spells.
Your spell library contained the following spells:

 Spells                   Type           Power      Damage    Failure   Level
 Magic Dart               Conj           0%         1d3       100%        1
 Blink                    Tloc           0%         N/A       100%        2
 Poisonous Vapours        Pois/Air       0%         N/A       100%        2
 Scorch                   Fire           0%         2d5       100%        2
 Searing Ray              Conj           0%         2d4       100%        2
 Gell's Gravitas          Tloc           0%         N/A       100%        3
 Lesser Beckoning         Tloc           0%         N/A       100%        3
 Teleport Other           Tloc           0%         N/A       100%        3
 Corpse Rot               Necr/Pois/Air  0%         N/A       100%        4
 Flame Wave               Conj/Fire      0%         2d4       100%        4
 Fulminant Prism          Conj/Hex       0%         3d6       100%        4
 Fireball                 Conj/Fire      0%         3d3       100%        5
 Manifold Assault         Tloc           0%         N/A       100%        5
 Dispersal                Tloc           0%         N/A       100%        6
 Starburst                Conj/Fire      0%         6d3       100%        6
 Summon Cactus Giant      Summ           0%         N/A       100%        6
 Ignition                 Fire           0%         3d3       100%        8


Dungeon Overview and Level Annotations

Branches:
Dungeon (13/15)            Temple (1/1) D:5            Lair (0/5) D:8
    Orc (0/2) D:12          IceCv (visited)
 Vaults: D:13-14

Altars:
Ashenzari
Cheibriados
Dithmenos
Elyvilon
Fedhas
Gozag
Hepliaklqana
Kikubaaqudgha
Makhleb
Nemelex Xobeh
Okawaru
Qazlal
Ru
Sif Muna
Trog
Uskayaw
Vehumet
Wu Jian
Xom
Yredelemnul
Zin
The Shining One

Shops:
D:6 *   D:13 :


Innate Abilities, Weirdness & Mutations

You are immune to sickness and miasma.
Your stone body is resilient. (AC +10)
You are immune to poison.
Your large and strong wings let you fly.
You resist negative energy. (rN+)
You are resistant to electric shocks. (rElec)
You are resistant to unholy torment.
You are immune to petrification.


Message History

The phantasmal warrior is engulfed in blazing flames.
You slash the fire elemental!
You destroy the fire elemental!
The fire elemental disappears in a puff of smoke!
You hit the phantasmal warrior but do no damage.
You hit the deep elf pyromancer. You burn the deep elf pyromancer.
You slice the deep elf pyromancer!! You burn the deep elf pyromancer.
The deep elf pyromancer is severely wounded.
You hit the phantasmal warrior. You burn the phantasmal warrior.
You block the phantasmal warrior's attack.
You block the deep elf pyromancer's attack.
You slice the deep elf pyromancer!! You burn the deep elf pyromancer.
You kill the deep elf pyromancer!
Trog accepts your kill.
Trog appreciates your killing of a magic user.
You closely miss the phantasmal warrior.
The phantasmal warrior barely misses you.
You barely miss the phantasmal warrior.
The phantasmal warrior is moderately damaged.
The cyclops throws a large rock.
You block the large rock.
You slash the phantasmal warrior! You burn the phantasmal warrior.
The phantasmal warrior is severely damaged.
You block the phantasmal warrior's attack.
You closely miss the phantasmal warrior.
The phantasmal warrior is severely damaged.
You slash the frost giant! You burn the frost giant.
You are no longer berserk.
You are exhausted.
You feel yourself slow down.
You hit the phantasmal warrior but do no damage.
The phantasmal warrior is severely damaged.
You hit the frost giant but do no damage.
You slash the cyclops! You burn the cyclops. The phantasmal warrior hits you!
The frost giant hits you with a +2 battleaxe of freezing!!
* * * LOW HITPOINT WARNING * * *
The frost giant freezes you.
* * * LOW HITPOINT WARNING * * *
The cyclops hits you but does no damage.
The frost giant hits you with a +2 battleaxe of freezing!!
You die...

.....≈#..#..#,,,,,,,,#..#..#~##..
....#≈#..#..#.,*++*,.#..#..#~(.##
..>.#≈#..#..#..*,,*,.#..#..#~..#
.##.#≈#..#..#..*,,*..#..#..#~..#
....#~#(.#..#..####..#..#(.#≈..#
.....~#)[#..#,.......#..#..#~###
.....~#..#..#,,.....,#..#..#≈#
....#~#..#(.####CC####..#..#≈#
.....~#..#.....W@.......#..#≈###
.....≈#..#............).#..#~..##
..#..~#..################..#≈#.#.
.....~#....................#≈..##
.....~#.........)..........#≈#...
.###.~##########''##########~#.##
.# #.~~~~~~~~~~≈)~~~~≈~~~≈~≈~..##
.###.........................#.##
.....#########.....(.....#.###...


You could see a frost giant, a cyclops and a phantasmal warrior.

Vanquished Creatures
  A sphinx (D:13)
  A frost giant (IceCv)
  Erolcha (D:11)
  2 catoblepae (D:13)
  3 hydras
  A boulder beetle (D:13)
  2 centaur warriors (D:13)
  6 two-headed ogres
  A tengu warrior (D:13)
  6 death yaks
  4 skeletal warriors (D:12)
  2 deep elf pyromancers
  6 cyclopes
  3 manticores
  4 ugly things
  A manticore (shapeshifter) (D:13)
  Joseph (D:10)
  An ice statue (IceCv)
  2 gargoyles (D:11)
  A rime drake (IceCv)
  3 unseen horrors
  A tengu conjurer (D:13)
  2 freezing wraiths (D:13)
  An ancient zyme (Abyss:2)
  A meliai (D:13)
  A wolf spider simulacrum (D:13)
  16 polar bears (IceCv)
  4 trolls
  2 hornets (D:8)
  7 slime creatures
  Prince Ribbit (D:5)
  Sigmund (D:2)
  42 yaks
  A shadow (D:11)
  3 wyverns
  Eustachio (D:6)
  A steam dragon (D:5)
  7 vampire mosquitoes
  3 acid dragons
  2 ice beasts
  4 orc warriors
  3 ogres
  17 wolves (IceCv)
  6 centaurs
  3 phantoms
  Blork the orc (D:4)
  A necrophage (D:5)
  A gnoll sergeant (D:10)
  3 bullfrogs
  7 scorpions
  5 wights
  A killer bee (D:10)
  7 electric eels
  11 howler monkeys
  3 hounds
  3 jellies
  12 orc priests
  2 iguanas (D:5)
  Jessica (D:2)
  16 orc wizards
  13 gnolls
  9 adders
  A shadow imp (D:6)
  14 white imps
  An ufetubus (D:7)
  4 worms
  A dart slug (D:2)
  62 orcs
  3 bats
  4 endoplasms
  A giant cockroach (D:4)
  4 goblins
  5 hobgoblins
  6 jackals
  8 kobolds
  2 quokkas (D:4)
  5 ball pythons
  2 frilled lizards (D:3)
  4 rats
405 creatures vanquished.

Vanquished Creatures (others)
  16 plants
16 creatures vanquished.

Grand Total: 421 creatures vanquished

Notes
Turn   | Place    | Note
-------+----------+-------------------------------------------
     0 | D:1      | sanboga the Gargoyle Fighter began the quest for the Orb.
     0 | D:1      | Reached XP level 1. HP: 14/14 MP: 1/1
    40 | D:1      | You fall into a shaft and drop 1 floor!
    56 | D:2      | Reached skill level 2 in Axes
    56 | D:2      | Reached XP level 2. HP: 18/19 MP: 2/2
   818 | D:2      | Noticed Sigmund
   823 | D:2      | Reached XP level 3. HP: 20/23 MP: 3/3
  1332 | D:2      | Killed Sigmund
  1333 | D:2      | Reached skill level 3 in Axes
  1333 | D:2      | Reached XP level 4. HP: 17/29 MP: 4/4
  1333 | D:2      | Reached XP level 5. HP: 19/33 MP: 5/5
  1496 | D:2      | Noticed Jessica
  1501 | D:2      | Killed Jessica
  1502 | D:2      | Reached XP level 6. HP: 39/39 MP: 6/6
  1931 | D:3      | Found a faded altar of an unknown god.
  2007 | D:3      | Reached skill level 4 in Axes
  2048 | D:3      | Found a hazy altar of Hepliaklqana.
  2654 | D:4      | Reached XP level 7. HP: 44/44 MP: 7/7
  2839 | D:4      | Reached skill level 5 in Armour
  2843 | D:4      | Reached skill level 5 in Fighting
  2843 | D:4      | Reached skill level 5 in Shields
  2874 | D:4      | Noticed Blork the orc
  2884 | D:4      | Reached skill level 5 in Axes
  2890 | D:4      | Killed Blork the orc
  2917 | D:4      | Reached XP level 8. HP: 48/49 MP: 8/8
  3132 | D:5      | Entered Level 5 of the Dungeon
  3234 | D:5      | Found Lerivor's Assorted Antiques.
  3340 | D:5      | Reached skill level 6 in Axes
  3488 | D:5      | Found a staircase to the Ecumenical Temple.
  3499 | D:5      | Noticed Prince Ribbit
  3514 | D:5      | Killed Prince Ribbit
  3522 | Temple   | Entered the Ecumenical Temple
  3579 | Temple   | Became a worshipper of Trog the Wrathful
  3745 | D:5      | Reached XP level 9. HP: 49/55 MP: 9/9
  3814 | D:5      | Reached skill level 7 in Axes
  4470 | D:6      | Found Zeulun's General Store.
  4488 | D:6      | Bought a potion of invisibility for 96 gold pieces
  4488 | D:6      | Bought a scroll of identify for 24 gold pieces
  4488 | D:6      | Bought a scroll of identify for 24 gold pieces
  4488 | D:6      | Bought a scroll of identify for 24 gold pieces
  4608 | D:6      | Noticed Eustachio
  4655 | D:6      | Killed Eustachio
  4655 | D:6      | Reached * piety under Trog
  5607 | D:7      | Reached skill level 8 in Axes
  5736 | D:7      | Found a shadowy altar of Dithmenos.
  5736 | D:7      | Found a radiant altar of Vehumet.
  6028 | D:7      | Reached XP level 10. HP: 60/63 MP: 10/10
  6276 | D:8      | Reached ** piety under Trog
  6529 | D:8      | Noticed a death yak
  6582 | D:7      | Killed a death yak
  6637 | D:8      | Noticed a death yak
  6663 | D:8      | Killed a death yak
  6664 | D:8      | Reached skill level 9 in Axes
  7034 | D:8      | Noticed a death yak
  7049 | D:8      | Killed a death yak
  7186 | D:8      | Found a staircase to the Lair.
  7700 | D:9      | Reached XP level 11. HP: 69/69 MP: 11/11
  7719 | D:9      | Reached skill level 10 in Axes
  8067 | D:9      | Noticed a six-headed hydra
  8073 | D:9      | Killed a one-headed hydra
  8222 | D:9      | Reached *** piety under Trog
  8590 | D:10     | Entered Level 10 of the Dungeon
  8590 | D:10     | Noticed Joseph
  8603 | D:10     | Killed Joseph
  8652 | D:10     | Noticed a two-headed ogre
  8664 | D:10     | Killed a two-headed ogre
  9016 | D:10     | Noticed a two-headed ogre
  9034 | D:10     | Killed a two-headed ogre
  9035 | D:10     | Reached skill level 11 in Axes
  9038 | D:10     | Noticed a two-headed ogre
  9048 | D:10     | Reached skill level 10 in Armour
  9070 | D:10     | Reached XP level 12. HP: 68/77 MP: 12/12
  9082 | D:10     | Reached skill level 10 in Fighting
  9087 | D:10     | Killed a two-headed ogre
  9088 | D:10     | Reached skill level 10 in Shields
  9625 | D:11     | Noticed Erolcha
  9641 | Abyss:2  | Cast into level 2 of the Abyss (Erolcha)
  9704 | D:11     | Escaped the Abyss
  9705 | D:11     | Killed Erolcha
  9706 | D:11     | Reached skill level 12 in Axes
  9834 | D:11     | Noticed a two-headed ogre
  9841 | D:11     | Killed a two-headed ogre
 10079 | D:12     | Reached **** piety under Trog
 10341 | D:12     | Noticed a two-headed ogre
 10348 | D:12     | Killed a two-headed ogre
 10433 | D:12     | Reached XP level 13. HP: 45/84 MP: 13/13
 10695 | D:12     | Found a staircase to the Orcish Mines.
 10808 | D:13     | Found a frozen archway.
 10835 | IceCv    | Entered an ice cave
 10899 | IceCv    | Reached ***** piety under Trog
 10970 | IceCv    | Reached skill level 13 in Axes
 10978 | IceCv    | Received a gift from Trog
 11342 | IceCv    | Noticed a frost giant
 11362 | IceCv    | Killed a frost giant
 11467 | IceCv    | Identified the +6 shortbow of Farch {flame, Will+ Int+6
                  | Stlth+}
 11950 | D:13     | Reached skill level 14 in Axes
 11950 | D:13     | Gained mutation: Your large and strong wings let you fly.
                  | [Gargoyle growth]
 11950 | D:13     | Reached XP level 14. HP: 92/92 MP: 14/14
 12407 | D:13     | Found Ciph's Book Shop.
 12898 | D:13     | Received a gift from Trog
 13000 | D:13     | Noticed a sphinx
 13014 | D:13     | Noticed a frost giant
 13017 | D:13     | Killed a sphinx
 13024 | D:13     | Slain by a frost giant

Illustrated notes

Levels and vault maps discovered:
D:1:      minmay_arrival_solitary_statue, layout_rooms, minmay_fountain_box,
          hex_intersection
D:2:      layout_basic, uniq_sigmund, uniq_jessica
D:3:      layout_basic, nicolae_hepliaklqana_hazy_memory,
          ebering_ecumenical_altar_sacrificial
D:4:      layout_basic, uniq_blork_the_orc
D:5:      cheibrodos_two_vegetables, layout_rooms,
          minmay_temple_entry_glassed_door, serial_shops, shop, kennysheep_dice,
          uniq_prince_ribbit1
D:6:      layout_basic, serial_rivers, chequers_serial_rivers_micro_c,
          chequers_serial_rivers_small_3, chequers_serial_rivers_large_b,
          chequers_serial_rivers_large_a, chequers_serial_rivers_room_b,
          chequers_serial_rivers_room_a, serial_shops, shop_statue,
          chequers_serial_rivers_marsh, uniq_eustachio
D:7:      layout_loops_ring, amethyst_overflow_temple_binary, serial_rivers,
          chequers_serial_rivers_small_a, chequers_serial_rivers_room_a,
          chequers_serial_rivers_small_a, chequers_serial_rivers_small_b,
          chequers_serial_rivers_room_a, chequers_serial_rivers_micro_e
D:8:      layout_basic, dpeg_lair_monsters, minmay_between
D:9:      layout_basic, amethyst_killhole
D:10:     nicolae_cairo_tiling_very_big, layout_rooms, onia_ninara_cookie,
          uniq_joseph
D:11:     layout_rooms, uniq_erolcha
D:12:     layout_basic, orc_0_dummy
D:13:     lemuel_traditional_vault, layout_stronghold,
          portal_ice_cave_entry_imps, serial_shops, kennysheep_mini_moat,
          kennysheep_generic_room_15
Temple:   nicolae_temple_bog_church

Skill      XL: |  1  2  3  4  5  6  7  8  9 10 11 12 13 |
---------------+----------------------------------------+-----
Axes           | 2 3 4 5 6 8 9 11 12 14 | 14.5
Fighting       | 4 5 6 7 8 9 11 12 | 12.6
Armour         | 4 5 6 7 8 10 11 12 | 12.7
Shields        | 4 5 6 7 8 9 11 12 | 12.7

Action                   |  1- 3 |  4- 6 |  7- 9 | 10-12 | 13-15 || total
-------------------------+-------+-------+-------+-------+-------++-------
Melee: War axe           |    98 |   183 |   343 |   516 |   509 ||  1649
Invok: Berserk           |       |       |     1 |     8 |     7 ||    16
  Use: Scroll            |     1 |     1 |    18 |     5 |     4 ||    29
       Potion            |       |       |     3 |     2 |     1 ||     6
Armor: Scale mail        |    58 |    95 |       |       |       ||   153
       Chain mail        |       |    38 |   218 |    81 |       ||   337
       Plate armour      |       |       |       |   273 |   536 ||   809
Dodge: Dodged            |    55 |    86 |   115 |   186 |   172 ||   614
Block: Buckler           |    20 |    45 |    80 |   193 |    42 ||   380
       Tower shield      |       |       |       |       |   451 ||   451
